 Dungeon Crawl Stone Soup version 0.28.0-1-gb440e238dd (webtiles) character file.

Game seed: 15253944436626560806

0 AlbertoSP the Grave Robber (level 1, 0/13 HPs)
             Began as a Mummy Necromancer on Feb 24, 2022.
             Slain by a jackal (1 damage)
             ... on level 1 of the Dungeon.
             The game lasted 00:02:43 (88 turns).

AlbertoSP the Grave Robber (Mummy Necromancer)        Turns: 88, Time: 00:02:44

Health: 0/13       AC:  5    Str: 11    XL:     1   Next: 8%
Magic:  4/4        EV: 10    Int: 14    God:
Gold:   0          SH:  0    Dex: 12    Spells: 3/5 levels left

rFire   x . .      SeeInvis .   (no weapon)
rCold   + . .      Faith    .   (no shield)
rNeg    + + +      Spirit   .   b - +0 ring mail
rPois   ∞          Reflect  .   (no helmet)
rElec   .          Harm     .   (no cloak)
rCorr   .          Rampage  .   (no gloves)
Will    .....                   (no boots)
Stlth   +.........              (no amulet)
HPRegen 0.04/turn               (no ring)
MPRegen 0.09/turn               (no ring)

@: no status effects
A: cold resistance 1, negative energy resistance 3, torment resistance 2, heat
vulnerability 1, no potions
a: no special abilities


You were on level 1 of the Dungeon.
You visited 1 branch of the dungeon, and saw 1 of its levels.

Inventory:

Armour
 a - a +0 robe
 b - a +0 ring mail (worn)


   Skills:
 + Level 1.5 Dodging
 + Level 1.5 Stealth
 + Level 2.6 Spellcasting
 + Level 4.0 Necromancy


You had 3 spell levels left.
You knew the following spells:

 Your Spells              Type           Power      Damage    Failure   Level
a - Pain                  Necr           52%        1d6       11%         1
b - Animate Skeleton      Necr           26%        N/A       11%         1

Your spell library contained the following spells:

 Spells                   Type           Power      Damage    Failure   Level
 Vampiric Draining        Necr           13%        2d6       30%         3
 Animate Dead             Necr           6%         N/A       71%         4
 Agony                    Necr           13%        N/A       96%         5


Dungeon Overview and Level Annotations

Branches:
Dungeon (1/15)

Altars:


Innate Abilities, Weirdness & Mutations

You are immune to poison.
Your flesh is cold resistant. (rC+)
You are immune to negative energy. (rN+++)
You are immune to unholy pain and torment.
You are vulnerable to heat. (rF-)
You do not drink.


Message History

Aiming: Pain (safe; 4% risk of failure)
Press: ? - help, Q - select action, (/) - cycle Shift-Dir - straight line, f/p - frilled lizard
Aim: a frilled lizard (severely wounded, chance to affect: 83%)
The frilled lizard writhes in agony.
You kill the frilled lizard!
Found a ring mail.
You see here a frilled lizard corpse.
A jackal comes into view.
You see here a +0 ring mail.
b - a +0 ring mail You start removing your armour.
You continue taking off your +0 robe.
The jackal barks!
You hear a bark! x2
Keep disrobing? [Y]es or [N]o only, please.
Keep disrobing?
You continue taking off your +0 robe. x3
You finish taking off your +0 robe.
The jackal barely misses you.
You start putting on your armour.
You continue putting on your +0 ring mail.
The jackal closely misses you. The jackal misses you.
You continue putting on your +0 ring mail.
The jackal bites you.
Keep equipping yourself?
The jackal barely misses you. The jackal bites you. x2
You continue putting on your +0 ring mail.
The jackal closely misses you. The jackal bites you. The jackal misses you.
You continue putting on your +0 ring mail.
The jackal closely misses you. The jackal bites you.
The jackal barely misses you. The jackal bites you.
* * * LOW HITPOINT WARNING * * *
The jackal closely misses you. The jackal bites you.
* * * LOW HITPOINT WARNING * * *
You finish putting on your +0 ring mail.
Okay, then.
The jackal closely misses you. The jackal barely misses you.
The jackal bites you but does no damage.
The jackal bites you.
You die...

##.## ...# #..# .#
#..###.# # #######..##..#
. .........##..### # #
###....hh##.... #
#.#######h###..###.#######
#........@###..#......>...
#........†.....#.#####.###
#############..# #.#
#..###.###.###
#.....>#.....#
##.###.###.### #.#.# #.#
#.#.#####.###
#............


You could see 3 jackals.

Vanquished Creatures
  A frilled lizard (D:1)
1 creature vanquished.

Notes
Turn   | Place    | Note
-------+----------+-------------------------------------------
     0 | D:1      | AlbertoSP the Mummy Necromancer began the quest for the
                  | Orb.
     0 | D:1      | Reached XP level 1. HP: 13/13 MP: 4/4
     5 | D:1      | Learned a level 1 spell: Animate Skeleton
    88 | D:1      | Slain by a jackal

Illustrated notes

Levels and vault maps discovered:
D:1:      evilmike_arrival_hilbert_curve, layout_loops_corners

Action                   || total
-------------------------++-------
 Cast: Pain              ||     3
Armor: Ring mail         ||     1
Dodge: Dodged            ||    11
